 Dungeon Sprint DCSS version 0.28.0-53-g5a82cb258f (webtiles) character file.

Game seed: 10614178429053850032

2695 Zeld the Warrior (level 9, -1/97 HPs)
             Began as a Minotaur Berserker on June 4, 2022.
             Was an Elder of Trog.
             Slain by an unseen horror (7 damage)
             ... in the Dungeon (Sprint III: "The Ten Rune Challenge").
             The game lasted 00:01:57 (2261 turns).

Zeld the Warrior (Minotaur Berserker)               Turns: 2261, Time: 00:01:58

Health: -1/97      AC:  3    Str: 26    XL:     9   Next: 38%
Magic:  8/8        EV: 15    Int:  4    God:    Trog [****..]
Gold:   43         SH:  0    Dex: 10    Spells: 8/8 levels left

rFire   . . .      SeeInvis .   a - +0 battleaxe (flame)
rCold   . . .      Faith    .   (shield currently unavailable)
rNeg    . . .      Spirit   .   b - +0 animal skin
rPois   .          Reflect  .   (helmet restricted)
rElec   .          Harm     .   (no cloak)
rCorr   .          Rampage  .   (no gloves)
Will    ++...      NoTele   +   (no boots)
Stlth   +.........              (no amulet)
HPRegen 1.26/turn               (no ring)
MPRegen 0.11/turn               (no ring)

@: strong-willed, on berserk cooldown, regenerating, slowed, very slow
A: horns 2, retaliatory headbutt
a: Renounce Religion, Berserk, Trog's Hand, Brothers in Arms


You were in the Dungeon.
You worshipped Trog.
Trog was greatly pleased with you.
You visited 1 branch You collected 43 gold pieces.

Inventory:

Hand Weapons
 a - a +0 battleaxe of flaming (weapon)
Armour
 b - a +0 animal skin (worn)
Scrolls
 k - a scroll of immolation {unknown}
 l - a scroll of identify {unknown}
 n - 3 scrolls of torment {unknown}
Potions
 c - 2 potions of curing
 e - a potion of haste
 f - 2 potions of magic
 g - a potion of berserk rage
 i - 3 potions of degeneration {unknown}
 j - 3 potions of mutation {unknown}
 m - a potion of might
 o - 2 potions of flight
Miscellaneous
 p - a box of beasts


   Skills:
 * Level 15.3 Fighting
 * Level 15.3 Axes
 + Level 11.0 Armour
 + Level 10.1 Dodging


You had 8 spell levels left.
You didn't know any spells.
Your spell library was empty.

Dungeon Overview and Level Annotations

Branches:
Dungeon (1/1)

Altars:
Cheibriados
Dithmenos
Elyvilon
Fedhas
Gozag
Hepliaklqana
Kikubaaqudgha
Makhleb
Nemelex Xobeh
Okawaru
Qazlal
Ru
Sif Muna
Trog
Uskayaw
Vehumet
Wu Jian
Xom
Yredelemnul
Zin
The Shining One
Beogh
Jiyva
Lugonu


Innate Abilities, Weirdness & Mutations

You have a pair of horns on your head.
You reflexively headbutt those who attack you in melee.


Message History

You feel your anger nearly subside. Something hits you but does no damage.
You see here a +0 hand axe.
You are no longer berserk.
You are exhausted.
You feel yourself slow down. Something hits you.
* * * LOW HITPOINT WARNING * * *
There is an open door, spattered with blood here.
Blink to where?
Press: ? - help, Dir - move target
As you read the scroll of blinking, it crumbles to dust.
Blink to where?
Press: ? - help, Dir - move target
As you read the scroll of blinking, it crumbles to dust.
Something barely misses you.
You enter the shallow water.
Moving in this stuff is going to be slow.
Something barely misses you.
Something is blocking the doorway!
Something hits you!
* * * LOW HITPOINT WARNING * * *
Okay, then.
Okay, then.
You feel much better. Something hits you.
* * * LOW HITPOINT WARNING * * *
You hear a splashing noise.
Your two-headed ogre goes berserk!
Trog will no longer gift you weapons. Something hits you!
* * * LOW HITPOINT WARNING * * *
Unknown command.
You closely miss something. Your headbutt misses something. Something hits you!
* * * LOW HITPOINT WARNING * * *
Your two-headed ogre rages.
Unknown command.
You swap places.
You hear a splashing noise.
Something hits you!
* * * LOW HITPOINT WARNING * * *
Something hits you!
You die...

########### ___#___#__#
...#__.#._# ##'#'###)##
..........# .⌠).......#
...######'#
.⌠.#__#...#+#####################
...#__#...#.§≈§O@.#.§)..'.#.#.#.+
)###__#...#.#≈≈{#.#.#.).##.#.#.##
.):#__#...'.#§§§#.#.#)).#.#.#.#.#
___#__'...#.#...#...#...##.#.#.#
▓▓▓▓▓▓▓▓▓▓▓▓▓▓▓▓▓▓▓▓▓▓▓▓#.#.#.#
##.#.#.# +.#.#.#.# ##.#.#.## #+
####


You could see a friendly two-headed ogre (summoned, berserk).

Vanquished Creatures
  Snorg (D)
  A centaur warrior (D)
  A deep elf pyromancer (D)
  A shadow (D)
  A spatial vortex (D)
  A necrophage (D)
  2 centaurs (D)
  An earth elemental (D)
  A water elemental (D)
  A jelly (D)
  A necromancer (D)
  A wizard (D)
  3 humans (D)
  A kobold demonologist (D)
  A wolf (D)
  2 endoplasms (D)
  2 rats (D)
22 creatures vanquished.

Notes
Turn   | Place    | Note
-------+----------+-------------------------------------------
     0 | D        | Zeld the Minotaur Berserker began the quest for the Orb.
     0 | D        | Reached XP level 1. HP: 19/19 MP: 0/0
    83 | D        | Reached ** piety under Trog
   101 | D        | Noticed a wolf
   103 | D        | Killed a wolf
   104 | D        | Reached skill level 5 in Fighting
   104 | D        | Reached skill level 5 in Axes
   104 | D        | Reached XP level 2. HP: 29/29 MP: 1/1
   115 | D        | Reached XP level 3. HP: 27/37 MP: 2/2
   347 | D        | Noticed a water elemental
   351 | D        | Killed a water elemental
   352 | D        | Reached XP level 4. HP: 47/47 MP: 3/3
   519 | D        | Found a hide-covered altar of Uskayaw.
   519 | D        | Found an iron altar of Okawaru.
   519 | D        | Found a bloodstained altar of Trog.
   519 | D        | Found an ornate altar of the Wu Jian Council.
   519 | D        | Noticed a human
   520 | D        | Noticed a human
   527 | D        | Killed a human
   527 | D        | Reached *** piety under Trog
   528 | D        | Reached skill level 5 in Dodging
   528 | D        | Reached XP level 5. HP: 37/57 MP: 4/4
   528 | D        | Killed a human
   529 | D        | Reached skill level 10 in Fighting
   529 | D        | Reached skill level 10 in Axes
   529 | D        | Reached XP level 6. HP: 43/66 MP: 5/5
   697 | D        | Found a basalt altar of Yredelemnul.
   697 | D        | Found a shadowy altar of Dithmenos.
   697 | D        | Found a sacrificial altar of Ru.
   703 | D        | Reached **** piety under Trog
   741 | D        | Found a glowing silver altar of Zin.
   741 | D        | Found a glowing golden altar of the Shining One.
   741 | D        | Found a white marble altar of Elyvilon.
   741 | D        | Noticed a deep elf pyromancer
  1006 | D        | Found a radiant altar of Vehumet.
  1006 | D        | Found a shimmering blue altar of Sif Muna.
  1006 | D        | Found an ancient bone altar of Kikubaaqudgha.
  1120 | D        | Killed a deep elf pyromancer
  1120 | D        | Reached ***** piety under Trog
  1121 | D        | Reached XP level 7. HP: 34/78 MP: 6/6
  1417 | D        | Noticed a shadow
  1421 | D        | Killed a shadow
  1422 | D        | Reached XP level 8. HP: 85/85 MP: 7/7
  1519 | D        | Noticed Snorg
  1532 | D        | Killed Snorg
  1533 | D        | Reached skill level 10 in Armour
  1774 | D        | Found a blossoming altar of Fedhas.
  1774 | D        | Found a stormy altar of Qazlal.
  1774 | D        | Found a snail-covered altar of Cheibriados.
  1774 | D        | Found a burning altar of Makhleb.
  1774 | D        | Found a shimmering altar of Xom.
  1775 | D        | Found a hazy altar of Hepliaklqana.
  1775 | D        | Found an opulent altar of Gozag.
  1775 | D        | Found a sparkling altar of Nemelex Xobeh.
  1775 | D        | Found a corrupted altar of Lugonu.
  1775 | D        | Found a viscous altar of Jiyva.
  1979 | D        | Noticed a centaur warrior
  1987 | D        | Killed a centaur warrior
  1988 | D        | Reached skill level 15 in Fighting
  1988 | D        | Reached skill level 15 in Axes
  1988 | D        | Reached XP level 9. HP: 67/97 MP: 8/8
  1988 | D        | Received a gift from Trog
  1989 | D        | Reached skill level 10 in Dodging
  2253 | D        | HP: 4/97 [something (4)]
  2261 | D        | Slain by an unseen horror

Illustrated notes

Levels and vault maps discovered:
D:        dungeon_sprint_mu [sprint_mu_entry_cave, sprint_mu_temple_rooms,
          sprint_mu_d1_horrors, sprint_mu_d2_genie, sprint_mu_d3_branching,
          sprint_mu_orc_legion, sprint_mu_elf_gauntlet, sprint_mu_hive_nellie,
          sprint_mu_lair_fedhas, sprint_mu_vaults_butterflies,
          sprint_mu_slime_circle, sprint_mu_shoals_archi,
          sprint_mu_snake_twists, sprint_mu_blade_basic,
          sprint_mu_crypt_fortress, sprint_mu_tomb_spiral,
          sprint_mu_vestibule_basic, sprint_mu_gehenna_hellfire,
          sprint_mu_dis_giant, sprint_mu_tartarus_statrot,
          sprint_mu_cocytus_islands, sprint_mu_zot1]

Skill      XL: |  1  2  3  4  5  6  7  8  9 |
---------------+----------------------------+-----
Fighting       | 5 7 9 10 12 15 | 15.3
Axes           | 5 7 8 10 12 15 | 15.3
Armour         | 3 4 6 8 9 10 11 | 11.0
Dodging        | 3 4 5 6 8 9 10 | 10.1

Action                   |  1- 3 |  4- 6 |  7- 9 || total
-------------------------+-------+-------+-------++-------
Melee: Hand axe          |    21 |    35 |    29 ||    85
       Headbutt          |     1 |     6 |     8 ||    15
       Punch             |       |     1 |       ||     1
       Unarmed           |       |       |     1 ||     1
       Battleaxe         |       |       |     3 ||     3
Invok: Berserk           |     2 |     2 |     5 ||     9
       Trog's Hand       |       |       |     1 ||     1
       Brothers in Arms  |       |       |     1 ||     1
  Use: Scroll            |       |       |     2 ||     2
       Potion            |       |       |     1 ||     1
Armor: Animal skin       |     1 |     1 |     9 ||    11
Dodge: Dodged            |     9 |    14 |    28 ||    51
